 Dungeon Crawl Stone Soup version 0.22.1-2-g9c5b331383 (webtiles) character file.

2604 Marnok the Cruncher (level 9, -6/75 HPs)
             Began as a Minotaur Gladiator on Nov 25, 2018.
             Was a Follower of Wu Jian.
             Mangled by a blink frog (11 damage)
             ... on level 1 of the Lair of Beasts.
             The game lasted 00:34:30 (5956 turns).

Marnok the Cruncher (Minotaur Gladiator)            Turns: 5956, Time: 00:34:30

Health: -6/75      AC:  8    Str: 21    XL:     9   Next: 33%
Magic:  8/8        EV: 15    Int:  5    God:    Wu Jian [*.....]
Gold:   307        SH:  2    Dex: 13    Spells: 8/8 levels left

rFire    . . .     SeeInvis +   a - +0 quarterstaff
rCold    + . .     Gourm    .   (shield currently unavailable)
rNeg     . . .     Faith    .   u - +1 leather armour {rC+}
rPois    .         Spirit   .   c - +1 hat
rElec    .         Reflect  +   F - +0 cloak
rCorr    .         Harm     .   (no gloves)
MR       .....                  E - +0 pair of boots
Stlth    ++........             G - +2 amulet of reflection
HPRegen  0.22/turn              p - ring of see invisible
MPRegen  0.11/turn              (no ring)

@: very slightly contaminated
A: retaliatory headbutt, horns 2
a: Renounce Religion


You were on level 1 of the Lair of Beasts.
You worshipped Wu Jian.
Wu Jian was aware of your devotion.
You were not hungry.

You visited 3 branches of the dungeon, and saw 10 of its levels.
You also visited: Sewer.

You collected 307 gold pieces.

Inventory:

Hand Weapons
 a - a +0 quarterstaff (weapon)
 h - a +1 short sword of holy wrath
Missiles
 g - 6 poisoned needles
 j - a throwing net (quivered)
Armour
 c - a +1 hat (worn)
 u - a +1 leather armour of cold resistance (worn)
 w - a +0 shield
 A - a +1 scale mail of cold resistance
 E - a +0 pair of boots (worn)
 F - a +0 cloak (worn)
Jewellery
 k - a cursed ring of resist corrosion
 p - a ring of see invisible (left hand)
 G - a +2 amulet of reflection (around neck)
Wands
 b - a wand of random effects (27)
 o - a wand of iceblast (3)
 x - a wand of flame (26)
 C - a wand of digging (5)
Scrolls
 d - a scroll of teleportation
 e - 4 scrolls of remove curse
 i - a scroll of magic mapping
 l - a scroll of blinking
 n - a scroll of enchant weapon {unknown}
 q - a scroll of fear
 s - 3 scrolls of fog
 v - a scroll of enchant armour
 y - 2 scrolls of immolation {unknown}
 B - a scroll of brand weapon {unknown}
Potions
 m - a potion of ambrosia {unknown}
 r - a potion of agility {unknown}
 z - a potion of flight {unknown}
Comestibles
 f - 7 rations


   Skills:
 + Level 6.1 Fighting
 + Level 10.8 Staves
 + Level 2.3 Throwing
 + Level 4.9 Armour
 + Level 6.5 Dodging
 + Level 3.6 Stealth
 + Level 1.0 Shields


You had 8 spell levels left.
You didn't know any spells.
Your spell library contained the following spells:

 Spells                   Type           Power        Failure   Level  Hunger
 Sting                    Conj/Pois      #...         52%         1    ##.....
 Poisonous Vapours        Pois/Air       #.....       67%         2    ###....
 Mephitic Cloud           Conj/Pois/Air  #.......     88%         3    ####...
 Olgreb's Toxic Radiance  Pois           #.......     99%         4    #####..
 Venom Bolt               Conj/Pois      #.........   100%        5    ######.


Dungeon Overview and Level Annotations

Branches:
Dungeon (8/15)             Temple (1/1) D:4            Lair (1/6) D:8

Altars:
Cheibriados
Dithmenos
Elyvilon
Hepliaklqana
Kikubaaqudgha
Nemelex Xobeh
Okawaru
Qazlal
Ru
Sif Muna
Trog
Vehumet
Wu Jian
Xom
Yredelemnul

Annotations:
D:7 Dowan, Duvessa
Lair:1 1 transporter, Urug


Innate Abilities, Weirdness & Mutations

You reflexively headbutt those who attack you in melee.
You have a pair of horns on your head.


Message History

Aim: a blink frog
Okay, then.
r - a fuming pink potion The blink frog blinks!
The blink frog blinks!
You see here 20 gold pieces.
The blink frog blinks!
The blink frog blinks!
A crocodile comes into view.
You block the blink frog's attack.
You spin and attack the blink frog repeatedly.
You barely miss the blink frog. You hit the blink frog.
The blink frog is lightly wounded.
The blink frog misses you.
The blink frog blinks!
Found 26 arrows.
A spiny frog comes into view.
The blink frog hits you!
* * * LOW HITPOINT WARNING * * *
The blink frog hits you!
You die...

+........P###
...........#.##.#.......
..F.....................
...........###P####.##..
..(........# ## ####..
...........# #..
...........# #..
#........## #...
#....@F...# ##..
#....FF..P### #..
#........##P##### #..
##................ ....
. #.....$...........
.... ..
####......##..###.#.
###.
...##.##......#...... #.
..............#........
+.
..............#........t
.


You could see a spiny frog (sleeping) and 3 blink frogs.

Vanquished Creatures
  Eustachio (D:4)
  4 yaks (Lair:1)
  Menkaure (D:4)
  A porcupine (Lair:1)
  2 sky beasts
  An ice beast (D:6)
  2 ogres
  A centaur (D:5)
  4 bullfrogs
  A scorpion (D:6)
  A water moccasin skeleton (D:6)
  3 killer bees (D:8)
  A centaur zombie (D:8)
  A crimson imp (D:5)
  A bullfrog zombie (D:5)
  3 orc priests (D:6)
  An iguana (D:5)
  2 orc wizards
  3 worker ants
  A howler monkey skeleton (D:4)
  13 adders
  4 river rats (D:3)
  An ooze (D:2)
  An adder zombie (D:5)
  10 worms
  2 dart slugs
  4 leopard geckos
  15 orcs
  2 ball pythons (Sewer)
  8 giant cockroaches
  6 goblins
  6 hobgoblins
  4 jackals (D:1)
  7 kobolds
  A quokka (D:1)
  6 bats
  10 frilled lizards
  11 rats
146 creatures vanquished.

Vanquished Creatures (others)
  A fungus (Lair:1)
  2 plants (Lair:1)
3 creatures vanquished.

Grand Total: 149 creatures vanquished

Notes
Turn   | Place    | Note
-------+----------+-------------------------------------------
     0 | D:1      | Marnok the Minotaur Gladiator began the quest for the Orb.
     0 | D:1      | Reached XP level 1. HP: 18/18 MP: 0/0
    28 | D:1      | Reached skill level 4 in Staves
    28 | D:1      | Reached XP level 2. HP: 8/25 MP: 1/1
   925 | D:1      | Reached XP level 3. HP: 31/31 MP: 2/2
  1081 | D:3      | Reached XP level 4. HP: 15/38 MP: 3/3
  1089 | D:3      | Reached skill level 1 in Armour
  1094 | D:3      | Reached skill level 5 in Staves
  1099 | D:3      | Found a glowing drain.
  1106 | Sewer    | Entered a sewer
  1246 | Sewer    | Reached XP level 5. HP: 45/45 MP: 4/4
  1824 | D:3      | Reached XP level 6. HP: 45/52 MP: 5/5
  2049 | D:5      | Entered Level 5 of the Dungeon
  2145 | D:2      | Reached skill level 6 in Staves
  2842 | D:4      | Noticed Menkaure
  2850 | D:4      | Killed Menkaure
  2850 | D:4      | Reached skill level 1 in Stealth
  3191 | D:4      | Reached skill level 7 in Staves
  3191 | D:4      | Reached XP level 7. HP: 42/60 MP: 6/6
  3373 | D:4      | Found a staircase to the Ecumenical Temple.
  3382 | Temple   | Entered the Ecumenical Temple
  3410 | Temple   | Became a worshipper of the Wu Jian Council
  3495 | D:4      | Noticed Eustachio
  3505 | D:4      | Found a shadowy altar of Dithmenos.
  3521 | D:4      | Killed Eustachio
  3856 | D:5      | Reached skill level 8 in Staves
  3867 | D:5      | Found a radiant altar of Vehumet.
  4437 | D:6      | Reached skill level 5 in Fighting
  4440 | D:6      | Reached skill level 5 in Dodging
  4440 | D:6      | Reached XP level 8. HP: 22/68 MP: 7/7
  4483 | D:6      | Reached skill level 9 in Staves
  4731 | D:6      | Found a sparkling altar of Nemelex Xobeh.
  4762 | D:7      | Noticed Duvessa
  4763 | D:7      | Noticed Dowan
  4825 | D:6      | Reached * piety under Wu Jian
  5218 | D:6      | Found an ancient bone altar of Kikubaaqudgha.
  5233 | D:6      | Found a snail-covered altar of Cheibriados.
  5321 | D:8      | Reached skill level 10 in Staves
  5400 | D:8      | Found a staircase to the Lair.
  5499 | Lair:1   | Entered Level 1 of the Lair of Beasts
  5523 | Lair:1   | Reached XP level 9. HP: 75/75 MP: 8/8
  5656 | Lair:1   | Reached skill level 1 in Shields
  5908 | Lair:1   | Noticed Urug
  5912 | Lair:1   | Found a transporter.
  5926 | Lair:1   | Noticed a black mamba
  5955 | Lair:1   | Noticed a spiny frog
  5956 | Lair:1   | Mangled by a blink frog

Skill      XL: |  1  2  3  4  5  6  7  8  9 |
---------------+----------------------------+-----
Staves         | 4 5 7 8 10 | 10.8
Fighting       | 3 4 5 6 |  6.1
Armour         | 1 2 3 4 |  4.9
Dodging        | 4 5 6 |  6.5
Stealth        | 1 2 3 |  3.6
Shields        | 1 |  1.0
Throwing       | |  2.3

Action                   |  1- 3 |  4- 6 |  7- 9 || total
-------------------------+-------+-------+-------++-------
Melee: Quarterstaff      |    72 |   156 |   166 ||   394
       Headbutt          |    17 |    23 |    45 ||    85
Throw: Throwing net      |       |     4 |     1 ||     5
Invok: Lunge             |       |       |    12 ||    12
       Whirlwind         |       |       |     2 ||     2
  Use: Scroll            |     3 |     9 |     6 ||    18
       Potion            |       |     1 |     6 ||     7
 Stab: Sleeping          |       |     1 |     1 ||     2
  Eat: Ration            |       |     3 |     2 ||     5
Armor: Leather armour    |    15 |    28 |    28 ||    71
Dodge: Dodged            |    46 |   118 |    92 ||   256
Block: Other             |       |       |     9 ||     9
